Unix NetHack Version 5.0.0-0 post-release - last build Jun 10 2026 00:39:30 (3ee93aec679c4c4259841fe613dc97188e26a321,branch:main).

Game began 2026-06-20 04:15:08, ended 2026-06-20 04:50:12.

JohnDarcy, neutral male human Tourist

                                           ---
                                          --.----
                                         --.....-----------   ------       ---
                                     ----|................|---|.|..|  -----..|
                                     |).?|................|...|....---.|.....|
                                     |!.?|..............%%)...|............-
                           -+--- -    ...|..-----..|...|..|)..|............|
                        -.  ......-+---|--..|.((|.-|...|..-----............|
                     ----..   -.............-..(|  |...|.................|
                      ......  |.. -.........|.](|  ----|........<........|
                       -......+..........{..------+-   |...------.......--
                       |........  |........).......|   |...+     -.....--
                       --........--...-)---..)%.-+--   |...|      -....-
                       |..................|-+-..|      -...-       -....|
                       -- --------....----|  |..|      ....          ...|
                          |Bqyqqx|....-.%(|  |..-      ..#..          ---
                          |h@qlFxd....| (%|  |...     {.. .-
                          |r@Ghxx|....- ---  -....   ...| .-
                          -------|.......     ....   ..-  .
                                 ---------   ------ ---  ---

JohnDarcy the Excursionist  St:12 Dx:9 Co:15 In:13 Wi:13 Ch:13  Neutral
Dlvl:5  $:402 HP:0(37) Pw:26(26) AC:6  Xp:6 T:2131  Burdened

Latest messages:
 A rothe suddenly appears next to you!
 A giant rat suddenly appears next to you!
 A giant bat suddenly appears next to you!
 A gnome lord suddenly appears next to you!
 A hobbit suddenly appears next to you!
 A leprechaun suddenly appears close by!
 A dwarf suddenly appears close by!
 A yellow mold suddenly appears close by!
 A grid bug suddenly appears close by!
 A grid bug suddenly appears close by!
 A grid bug suddenly appears close by!
 A grid bug suddenly appears close by!
 What do you want to drop? [$a-gi-zA-EHIK-ORSV-Z or ?*] ?
 Never mind.
 What do you want to drop? [$a-gi-zA-EHIK-ORSV-Z or ?*] 1
 Count: 1 o
 A scroll called scare monster lands on the altar.
 You hear some noises.
 The hobbit turns to flee.
 The hobbit wields a runed dagger!
 The gnome lord turns to flee.
 The gnome lord misses!
 The giant bat turns to flee.
 The giant bat bites!
 The giant rat turns to flee.
 The giant rat bites!
 The rothe turns to flee.
 The rothe hits!
 The rothe bites!
 The rothe bites again!
 The rothe turns to flee.
 The rothe hits!
 The rothe bites!
 The rothe bites again!
 The hobbit thrusts his runed dagger.
 The hobbit hits!
 The giant bat bites!
 The giant rat bites!
 The rothe turns to flee.
 The giant bat bites!
 What do you want to zap? [qtW or ?*] t
 A yellow light suddenly appears next to you!
 The hobbit thrusts his runed dagger.
 The hobbit hits!
 You die...
 Do you want your possessions identified? [ynq] (y) y
 Do you want to see your attributes? [ynq] (y) y
 Do you want an account of creatures vanquished? [ynaq] (y) y
 Do you want to see your conduct and achievements? [ynq] (y) y
 Do you want to see the dungeon overview? [ynq] (y) y

Inventory:
 Coins    ('$')
  $ - 402 gold pieces
 Weapons  (')')
  X - a cursed +0 bow
  Z - a cursed +0 crossbow
  a - 7 +2 darts (at the ready)
  s - 20 +0 darts
  S - 5 +2 daggers
  n - 2 +1 daggers
  Y - 2 +0 daggers
  R - a blessed +1 elven dagger
  C - a blessed +1 dwarvish short sword
 Armor    ('[')
  B - an uncursed +0 elven leather helm
  E - a blessed +2 helm of caution (being worn)
  x - an uncursed +0 pair of iron shoes
  D - an uncursed +0 pair of kicking boots (being worn)
  A - an uncursed +0 pair of speed boots
  z - a blessed +0 cloak of invisibility
  j - an uncursed +0 Hawaiian shirt with a parrot motif (being worn)
  y - an uncursed +0 Hawaiian shirt with a ukulele motif
 Comestibles  ('%')
  f - 2 uncursed carrots
  H - an uncursed clove of garlic
  b - 4 uncursed food rations
  g - an uncursed fortune cookie
  I - a cursed fortune cookie
  d - 2 uncursed tripe rations
  p - 2 uncursed lichen corpses
 Scrolls  ('?')
  i - 3 uncursed scrolls of magic mapping
  o - an uncursed scroll of scare monster
 Potions  ('!')
  u - an uncursed potion of blindness
  e - an uncursed potion of sleeping
 Wands    ('/')
  t - a wand of create monster (0:14)
  W - a wand of light (0:8)
  q - a wand of magic missile (0:2)
 Tools    ('(')
  r - a bag of tricks (0:0)
  l - an uncursed credit card
  c - an expensive camera (0:23)
  M - a +0 pick-axe
  k - an uncursed partly used tallow candle
  m - an uncursed towel
  v - a cursed wax candle
 Gems/Stones  ('*')
  K - an uncursed amethyst stone
  O - an uncursed turquoise stone
  L - an uncursed worthless piece of black glass
  N - an uncursed worthless piece of blue glass
  V - an uncursed worthless piece of orange glass
  w - an uncursed worthless piece of yellowish brown glass

JohnDarcy the Tourist's attributes:

Background:
 You were an Excursionist, a level 6 male human Tourist.
 You were neutral, on a mission for The Lady
 who was opposed by Blind Io (lawful) and Offler (chaotic).
 You were right-handed.
 You were in the Gnomish Mines, on level 5.
 You entered the dungeon 2131 turns ago.
 It was nighttime.
 You had 419 experience points, 221 more were needed to attain level 7.

Basics:
 You had 0 out of 37 hit points.
 You had all 26 energy points (spell power).
 Your armor class was 6.
 Your wallet contained 402 zorkmids.
 Autopickup was off.

Final Characteristics:
 Your strength was 12 (limit:18/100).
 Your dexterity was 9 (limit:18).
 Your constitution was 15 (limit:18).
 Your intelligence was 13 (limit:18).
 Your wisdom was 13 (limit:18).
 Your charisma was 13 (limit:18).

Final Status:
 You weren't hungry.
 You were burdened; movement was slightly slowed.
 You were bare handed.
 You were unskilled in bare handed combat.

Final Attributes:
 You were devoutly aligned.
 You were warned.
 You were unlucky.
 You are dead.

Miscellaneous:
 You didn't encounter any bones levels.
 Total elapsed playing time was 34 minutes and 59 seconds.

Major events:
 Turn
    1: JohnDarcy the neutral male human Tourist entered the dungeon
  584: entered the Gnomish Mines
 1281: attained the rank of Sightseer (level 3)
 1917: reached Mine Town
 1962: attained the rank of Excursionist (level 6)
 2131: killed by a hobbit

You didn't know any spells.

Skills:
 Fighting Skills
   bare handed combat [Unskilled]
   two weapon combat  [Unskilled]
   riding             [Unskilled]
 Weapon Skills
   dagger             [Unskilled]
   knife              [Unskilled]
   axe                [Unskilled]
   pick-axe           [Unskilled]
   short sword        [Unskilled]
   broadsword         [Unskilled]
   long sword         [Unskilled]
   two-handed sword   [Unskilled]
   saber              [Unskilled]
   mace               [Unskilled]
   morning star       [Unskilled]
   flail              [Unskilled]
   hammer             [Unskilled]
   quarterstaff       [Unskilled]
   polearms           [Unskilled]
   spear              [Unskilled]
   trident            [Unskilled]
   lance              [Unskilled]
   bow                [Unskilled]
   sling              [Unskilled]
   crossbow           [Unskilled]
   dart               [Skilled]
   shuriken           [Unskilled]
   boomerang          [Unskilled]
   whip               [Unskilled]
   unicorn horn       [Unskilled]
 Spellcasting Skills
   divination spells  [Unskilled]
   enchantment spells [Unskilled]
   escape spells      [Unskilled]

Voluntary challenges:
 Character rerolling was not enabled.
 You were vegetarian.
 You never genocided any monsters.
 You never polymorphed an object.
 You never changed form.
 You used no wishes.
Achievements:
 You entered the Gnomish Mines.
 You entered a shop.
 You attained the rank of Sightseer.
 You entered Minetown.
 You attained the rank of Excursionist.
 You entered a temple.

 The Dungeons of Doom: levels 1 to 3
    Level 1:
       A fountain.
    Level 2:
       An armor shop.
       Stairs down to The Gnomish Mines.
    Level 3:
       A fountain.
 The Gnomish Mines: levels 3 to 5
    Level 3:
    Level 4:
    Level 5: <- You were here.
       A tool shop, a temple and an altar, some fountains, a tree.
       Final resting place for
          you, killed by a hobbit.


Vanquished creatures:
  a rock mole
  6 gnome leaders
  a little dog
  8 dwarves
  2 hobbits
  a large kobold
  3 giant rats
  a green mold
 20 gnomes
  a gecko
  a jackal
  2 kobolds
  a goblin
  3 grid bugs
  4 lichens
  a kobold zombie
  6 newts
62 creatures vanquished.

No species were genocided or became extinct.

Game over:
                       ----------
                      /          \
                     /    REST    \
                    /      IN      \
                   /     PEACE      \
                  /                  \
                  |    JohnDarcy     |
                  |      402 Au      |
                  |   killed by a    |
                  |      hobbit      |
                  |                  |
                  |                  |
                  |       2026       |
                 *|     *  *  *      | *
        _________)/\\_//(\/(/\)/\//\/|_)_______

Aloha JohnDarcy the Tourist...

You died in The Gnomish Mines on dungeon level 5 with 1940 points,
and 402 pieces of gold, after 2131 moves.
You were level 6 with a maximum of 37 hit points when you died.

